 Dungeon Crawl Stone Soup version 0.27.1-2-g3b301248ec (webtiles) character file.

Game seed: 9979976126118988900

75424 Amplified the Thaumaturge (level 15, -1/124 HPs)
             Began as a Gnoll Earth Elementalist on Sept 24, 2021.
             Was an Elder of Ashenzari.
             Slain by a manticore (15 damage)
             ... on level 13 of the Dungeon on Sept 28, 2021.
             The game lasted 01:13:19 (35051 turns).

Amplified the Thaumaturge (GnEE)                   Turns: 35051, Time: 01:13:19

Health: -1/124     AC: 14    Str: 13    XL:     15   Next: 50%
Magic:  10/33      EV: 17    Int: 14    God:    Ashenzari [****..]
Gold:   1376       SH: 13    Dex: 14    Spells: 20/42 levels left

rFire    + . .     SeeInvis +   H - +1 broad axe (flame)
rCold    + . .     Faith    .   o - +0 kite shield of Supernal Knowledge {Melee, Fort} (curse)
rNeg     . . .     Spirit   .   b - +2 leather armour "Anxiety of Ashenzari" {rF+, Elem, Self} (curse)
rPois    .         Reflect  .   p - +0 helmet "Perceptive Jealousy" {Melee, Fort} (curse)
rElec    .         Harm     .   (no cloak)
rCorr    +         Rampage  .   G - +2 pair of gloves "Comet of the Sky" {Stlth+, Self, Fort} (curse)
Will     +....     Clarity  +   v - +0 pair of boots "Ruined Shame" {Fort, Range} (curse)
Stlth    +++++.....             h - amulet "Thunder Perfect Mind" {Acrobat, Bglg, Comp} (curse)
HPRegen  0.30/turn              e - ring of protection from cold
MPRegen  0.23/turn              s - ring of resist corrosion

@: spiked, very slightly contaminated, hasted, very quick
A: fangs 1, strong nose, distributed training
a: Renounce Religion, Curse Item, Shatter the Chains


You were on level 13 of the Dungeon.
You worshipped Ashenzari.
Ashenzari was greatly pleased with you.
You visited 3 branches of the dungeon, and saw 22 of its levels.
You also visited: Gauntlet.

You collected 2200 gold pieces.
You spent 824 gold pieces at shops.

Inventory:

Hand Weapons
 F - the +9 arbalest "Tog Ali" {speed, rN+}
   (You took it off a minotaur in a Gauntlet)

   Attacks with this weapon are significantly faster.
   rN:        It protects you from negative energy.
 H - a +1 broad axe of flaming (weapon)
Missiles
 d - 36 bolts
 j - 832 stones
 r - 135 poisoned darts
 x - 10 atropa-tipped darts
Armour
 a - a +1 helmet of intelligence
 b - the cursed +2 leather armour "Anxiety of Ashenzari" (worn) {rF+, Elem, Self}
   (You found it on level 2 of the Dungeon)

   It has a curse which improves the following skills: Elements: Fire Magic, Ice
   Magic, Air Magic and Earth Magic.
   Introspection: Fighting and Spellcasting.
 l - the +6 chain mail "Nyph" {rElec rC- rCorr Dex+4}
   (You bought it in a shop on level 2 of the Orcish Mines)

   Dex:       It affects your dexterity (+4).
   rC:        It makes you vulnerable to cold.
   rElec:     It insulates you from electricity.
   rCorr:     It protects you from acid and corrosion.
 n - the +1 chain mail of Moqelaq {rC+ Int+3 Slay+2}
   (You found it on level 6 of the Lair of Beasts)

   Int:       It affects your intelligence (+3).
   Slay:      It affects your accuracy & damage with ranged weapons and melee
   (+2).
   rC:        It protects you from cold.
 o - the cursed +0 kite shield of Supernal Knowledge (worn) {Melee, Fort}
   (You found it on level 5 of the Dungeon)

   It has a curse which improves the following skills: Melee Combat: Short
   Blades, Long Blades, Axes, Maces & Flails, Polearms, Staves and Unarmed
   Combat.
   Fortitude: Armour and Shields.
 p - the cursed +0 helmet "Perceptive Jealousy" (worn) {Melee, Fort}
   (You found it on level 11 of the Dungeon)

   It has a curse which improves the following skills: Melee Combat: Short
   Blades, Long Blades, Axes, Maces & Flails, Polearms, Staves and Unarmed
   Combat.
   Fortitude: Armour and Shields.
 t - a +2 buckler of poison resistance
 v - the cursed +0 pair of boots "Ruined Shame" (worn) {Fort, Range}
   (You found it on level 6 of the Dungeon)

   It has a curse which improves the following skills: Fortitude: Armour and
   Shields.
   Ranged Combat: Slings, Bows, Crossbows and Throwing.
 G - the cursed +2 pair of gloves "Comet of the Sky" (worn) {Stlth+, Self, Fort}
   (You found it on level 2 of the Lair of Beasts)

   It has a curse which improves the following skills: Introspection: Fighting
   and Spellcasting.
   Fortitude: Armour and Shields.
Jewellery
 e - a ring of protection from cold (left hand)
 h - the cursed amulet "Thunder Perfect Mind" (around neck) {Acrobat, Bglg, Comp}
   (You found it on level 4 of the Dungeon)

   [amulet of the acrobat]

   It increases your evasion while moving and waiting.
   It has a curse which improves the following skills: Beguiling: Conjurations,
   Hexes and Translocations.
   Companions: Summonings and Necromancy.
 s - a ring of resist corrosion (right hand)
 L - the ring of Beddiur {MP+9 Str+6 Int+3}
   (You found it in a Gauntlet)

   [ring of strength]

   Str:       It affects your strength (+6).
   Int:       It affects your intelligence (+3).
   MP:        It affects your magic capacity (+9).
 P - the amulet "Opifisch" {Reflect Drain Str+8 SH+5}
   (You found it in a Gauntlet)

   [amulet of reflection]

   It reflects blocked missile attacks.
   Str:       It affects your strength (+8).
   Drain:     It drains your maximum health when unequipped.
   SH:        It affects your SH (+5).
Wands
 A - a wand of charming (6)
 B - a wand of flame (21)
 Q - a wand of iceblast (13)
Scrolls
 f - a scroll of brand weapon
 g - 2 scrolls of fog
 i - 3 scrolls of immolation
 k - 6 scrolls of teleportation
 N - a scroll of amnesia
Potions
 c - 2 potions of magic
 m - a potion of might
 q - a potion of brilliance
 u - 2 potions of cancellation
 w - 2 potions of haste
 z - 2 potions of resistance
 C - a potion of flight
 J - 4 potions of mutation
 M - 4 potions of lignification
Miscellaneous
 E - a lightning rod (4/4)


   Skills:
 + Level 10.1(13.3) Fighting
 + Level 10.1(13.3) Short Blades
 + Level 10.1(13.3) Long Blades
 + Level 10.1(13.3) Axes
 + Level 10.1(13.3) Maces & Flails
 + Level 10.1(13.3) Polearms
 + Level 10.1(13.3) Staves
 + Level 10.1(12.2) Slings
 + Level 10.1(12.2) Bows
 + Level 10.1(12.2) Crossbows
 + Level 10.1(12.2) Throwing
 + Level 10.1(15.3) Armour
 + Level 11.0 Dodging
 + Level 10.9 Stealth
 + Level 10.1(15.3) Shields
 + Level 10.1(13.3) Unarmed Combat
 + Level 11.2(14.3) Spellcasting
 + Level 8.5(10.7) Conjurations
 + Level 8.5(10.7) Hexes
 + Level 8.5(10.7) Summonings
 + Level 8.5(10.7) Necromancy
 + Level 8.5(10.7) Translocations
 + Level 8.8 Transmutations
 + Level 8.5(10.7) Fire Magic
 + Level 8.5(10.7) Ice Magic
 + Level 8.5(10.7) Air Magic
 + Level 10.1(12.2) Earth Magic
 + Level 8.5 Poison Magic
 + Level 10.9 Invocations
 + Level 10.1 Evocations


You had 20 spell levels left.
You knew the following spells:

 Your Spells              Type           Power      Damage    Failure   Level
a - Sandblast             Erth           88%        2d18      1%          1
b - Stone Arrow           Conj/Erth      84%        3d12      1%          3
c - Passwall              Tmut/Erth      32%        N/A       1%          2
d - Petrify               Tmut/Erth      39%        N/A       1%          4
e - Sticky Flame          Conj/Fire      40%        2d6       1%          4
f - Vampiric Draining     Necr           20%        2d8       1%          3
g - Yara's Violent Unrav  Hex/Tmut       18%        3d9       3%          5

Your spell library contained the following spells:

 Spells                   Type           Power      Damage    Failure   Level
 Animate Skeleton         Necr           80%        N/A       1%          1
 Apportation              Tloc           80%        N/A       1%          1
 Beastly Appendage        Tmut           68%        N/A       1%          1
 Corona                   Hex            44%        N/A       1%          1
 Magic Dart               Conj           100%       1d8       1%          1
 Summon Small Mammal      Summ           100%       N/A       1%          1
 Call Imp                 Summ           40%        N/A       1%          2
 Slow                     Hex            40%        N/A       1%          2
 Wereblood                Tmut           34%        N/A       1%          2
 Confusing Touch          Hex            40%        N/A       1%          3
 Conjure Flame            Conj/Fire      40%        6-21      1%          3
 Frozen Ramparts          Ice            80%        1d10      1%          3
 Gell's Gravitas          Tloc           20%        N/A       1%          3
 Ignite Poison            Fire/Tmut/Pois 36%        N/A       1%          3
 Lesser Beckoning         Tloc           20%        N/A       1%          3
 Mephitic Cloud           Conj/Pois/Air  38%        N/A       1%          3
 Spider Form              Tmut/Pois      17%        N/A       1%          3
 Summon Guardian Golem    Hex/Summ       40%        N/A       1%          3
 Teleport Other           Tloc           40%        N/A       1%          3
 Tukima's Dance           Hex            40%        N/A       1%          3
 Ice Form                 Ice/Tmut       37%        N/A       1%          4
 Passage of Golubria      Tloc           N/A        N/A       1%          4
 Summon Ice Beast         Ice/Summ       40%        N/A       1%          4
 Death Channel            Necr           20%        N/A       14%         6


Dungeon Overview and Level Annotations

Branches:
Dungeon (14/15)            Temple (0/1) D:7            Lair (6/6) D:11
 Shoals (0/4) Lair:4        Snake (0/4) Lair:4        Slime (0/5) Lair:5
    Orc (2/2) D:12            Elf (0/3) Orc:2       Gauntlet (visited)
 Vaults: D:13-14

Altars:
Ashenzari
Cheibriados
Dithmenos
Elyvilon
Gozag
Hepliaklqana
Makhleb
Okawaru
Sif Muna
Trog
Vehumet
Wu Jian
Yredelemnul
Beogh
Lugonu

Shops:
D:2 ?   Orc:2 (=[**

Portals:
Abyss: Lair:6

Annotations:
D:13 3 runed translucent doors, bobkasz2's ghost, journeyman HOFi


Innate Abilities, Weirdness & Mutations

You have very sharp teeth.
Your uncanny sense of smell can sniff out nearby items.
Your experience applies equally to all skills.


Message History

You feel life coursing into your body. The centaur warrior misses you.
The centaur warrior kicks you.
* * * LOW HITPOINT WARNING * * *
The manticore closely misses you. You block the manticore's attack. x2
Unknown command.
Unknown command.
Unknown command.
Casting: Vampiric Draining (safe; 1% risk of failure)
Confirm with . or Enter, or press ? or * to list all spells.
Aiming: Vampiric Draining (safe; 1% risk of failure)
Press: ? - help, Shift-Dir - straight line, f/p - centaur warrior
Aim: a centaur warrior, quivering arrows (black smoke, almost dead)
You miscast Vampiric Draining.
You are very lightly contaminated with residual magic.
Nothing appears to happen.
The centaur warrior hits you!
* * * LOW HITPOINT WARNING * * *
The centaur warrior kicks you.
* * * LOW HITPOINT WARNING * * *
Unknown command.
Unknown command.
Unknown command.
Unknown command.
Casting: Vampiric Draining (safe; 1% risk of failure)
Confirm with . or Enter, or press ? or * to list all spells.
Aiming: Vampiric Draining (safe; 1% risk of failure)
Press: ? - help, Shift-Dir - straight line, f/p - centaur warrior
Aim: a centaur warrior, quivering arrows (black smoke, almost dead)
You draw life force from the centaur warrior!
You kill the centaur warrior!
You feel life coursing into your body. You block the manticore's attack.
The manticore closely misses you. The manticore barely misses you.
Unknown command.
Casting: Vampiric Draining (safe; 1% risk of failure)
Confirm with . or Enter, or press ? or * to list all spells.
Aiming: Vampiric Draining (safe; 1% risk of failure)
Press: ? - help, Shift-Dir - straight line, f - manticore
Aim: a manticore (black smoke)
You draw life force from the manticore!
You feel life coursing into your body. The manticore bites you!
You die...

* ........≈≈≈≈§........§......
*
,........§§§≈≈...............
**
........§§§≈................
*,,
........§..§................ ,
.........§.......###........
.................###........ ,
.................###........
.............§§..........###
,, ,.........§§@§§§§§........#
# ,
,.)........H§§§§§.........###
..........§§§§§§§...........
,,
.§.§≈§§.C.§#########........ ,
, .§≈§≈§§§...#.{c{...#........
,,
,,.§≈≈≈§≈.§..#..{"=$.#.>......
,,
,..≈≈≈≈§....#D#...#.#........
,,
...≈≈≈.§...#.W#.#..#........ ,
,...........#.#...#.#........


You could see a manticore and a cyclops.

Vanquished Creatures
  An orc warlord (Orc:2)
  A quicksilver ooze (Gauntlet)
  A minotaur (Gauntlet)
  Snorg (Lair:4)
  6 hydras
  3 boulder beetles
  3 centaur warriors
  4 two-headed ogres
  3 death yaks (Lair:4)
  An orc high priest (Orc:2)
  4 thrashing horrors (Lair:6)
  A lindwurm (Lair:6)
  A deep elf pyromancer (D:10)
  4 orc sorcerers
  An oklob plant (Lair:2)
  3 orc knights (Orc:2)
  2 cyclopes
  An ugly thing (D:12)
  A manticore (D:13)
  15 elephants
  A salamander (shapeshifter) (Lair:6)
  4 black mambas
  3 torpor snails
  11 cane toads
  An unseen horror (D:12)
  A gargoyle (D:14)
  A smoke demon (Lair:6)
  7 komodo dragons
  2 rime drakes
  3 ancient zymes (Lair:6)
  3 trolls
  A hornet (D:10)
  5 polar bears
  A wind drake (shapeshifter) (Lair:6)
  9 dream sheep
  15 blink frogs
  8 slime creatures
  3 centaur simulacra (Gauntlet)
  A vampire (D:12)
  5 shadows
  3 ynoxinuls (Lair:6)
  A spriggan (Lair:6)
  A wraith (D:11)
  57 yaks
  3 wyverns
  A chaos spawn (Lair:6)
  7 vampire mosquitoes (D:12)
  8 basilisks
  2 steam dragons
  2 wargs (Orc:2)
  An acid dragon (D:11)
  A meliai simulacrum (Gauntlet)
  16 water moccasins
  2 sky beasts
  23 orc warriors
  An ice beast (D:5)
  2 black bears
  8 ogres
  8 small abominations (Lair:6)
  4 wolves (Lair:5)
  8 centaurs
  A phantom (D:4)
  8 kobold brigands
  Blork the orc (Orc:2)
  17 bullfrogs
  5 gnoll sergeants
  A cane toad simulacrum (Gauntlet)
  A scorpion (D:7)
  3 water moccasin skeletons
  9 wights
  6 howler monkeys
  6 electric eels (D:10)
  17 centaur zombies
  2 lava snakes (D:13)
  A bullfrog zombie (D:5)
  4 hounds
  2 gnoll shamans
  13 orc priests
  2 centaur skeletons (D:7)
  An iron imp (D:8)
  An iguana (D:6)
  17 orc wizards
  A killer bee zombie (D:6)
  2 howler monkey zombies
  21 gnolls
  4 adders
  2 shadow imps
  2 adder skeletons (D:4)
  A worm (D:5)
  4 dart slugs
  55 orcs
  8 ball pythons
  3 bats
  4 endoplasms
  3 giant cockroaches
  6 goblins
  8 hobgoblins
  9 jackals
  6 quokkas
  4 frilled lizards
  14 kobolds
  4 rats
580 creatures vanquished.

Vanquished Creatures (collateral kills)
  A boulder beetle (D:12)
  A two-headed ogre (Orc:1)
  A centaur warrior (D:13)
  An orc priest (Orc:2)
  An orc wizard (Orc:1)
  5 orcs (Orc:1)
10 creatures vanquished.

Vanquished Creatures (others)
  An ugly thing (Lair:6)
  An orc warrior (Orc:1)
  A wight (D:7)
  A centaur zombie (D:10)
  23 demonic plants (Gauntlet)
  22 fungi
  64 plants
113 creatures vanquished.

Grand Total: 703 creatures vanquished

Notes
Turn   | Place    | Note
-------+----------+-------------------------------------------
     0 | D:1      | Amplified the Gnoll Earth Elementalist began the quest for
                  | the Orb.
     0 | D:1      | Reached XP level 1. HP: 13/13 MP: 6/6
   384 | D:1      | Reached XP level 2. HP: 18/19 MP: 3/7
   711 | D:1      | Reached XP level 3. HP: 25/25 MP: 7/9
   745 | D:1      | Reached skill level 5 in Spellcasting
   926 | D:1      | Found a faded altar of an unknown god.
  1218 | D:2      | Reached skill level 1 in Invocations
  1509 | D:2      | Reached skill level 1 in Fighting
  1509 | D:2      | Reached skill level 1 in Short Blades
  1509 | D:2      | Reached skill level 1 in Long Blades
  1509 | D:2      | Reached skill level 1 in Axes
  1509 | D:2      | Reached skill level 1 in Maces & Flails
  1509 | D:2      | Reached skill level 1 in Polearms
  1509 | D:2      | Reached skill level 1 in Staves
  1509 | D:2      | Reached skill level 1 in Slings
  1509 | D:2      | Reached skill level 1 in Bows
  1509 | D:2      | Reached skill level 1 in Crossbows
  1509 | D:2      | Reached skill level 1 in Throwing
  1509 | D:2      | Reached skill level 1 in Armour
  1509 | D:2      | Reached skill level 1 in Shields
  1509 | D:2      | Reached skill level 1 in Unarmed Combat
  1509 | D:2      | Reached skill level 1 in Evocations
  1752 | D:2      | Learned a level 3 spell: Stone Arrow
  1883 | D:2      | Found a broken altar of Ashenzari.
  1891 | D:2      | Became a worshipper of Ashenzari the Shackled
  2045 | D:2      | Found Exillisi's Magic Scroll Emporium.
  2048 | D:2      | Bought a scroll of teleportation for 30 gold pieces
  2048 | D:2      | Bought a scroll of teleportation for 30 gold pieces
  2218 | D:2      | Learned a level 2 spell: Passwall
  2248 | D:3      | Reached XP level 4. HP: 32/32 MP: 11/11
  2792 | D:3      | Reached skill level 1 in Conjurations
  2792 | D:3      | Reached skill level 1 in Hexes
  2792 | D:3      | Reached skill level 1 in Summonings
  2792 | D:3      | Reached skill level 1 in Necromancy
  2792 | D:3      | Reached skill level 1 in Translocations
  2792 | D:3      | Reached skill level 1 in Fire Magic
  2792 | D:3      | Reached skill level 1 in Ice Magic
  2792 | D:3      | Reached skill level 1 in Air Magic
  2792 | D:3      | Reached skill level 1 in Poison Magic
  2848 | D:3      | Found a bloodstained altar of Trog.
  2848 | D:3      | Found a broken altar of Ashenzari.
  3357 | D:4      | Reached XP level 5. HP: 17/37 MP: 0/12
  3874 | D:4      | Noticed a phantom
  3898 | D:4      | Killed a phantom
  3899 | D:4      | Reached XP level 6. HP: 22/44 MP: 1/14
  4155 | D:4      | Noticed a sky beast
  4167 | D:4      | Killed a sky beast
  4168 | D:4      | Reached skill level 5 in Dodging
  4326 | D:5      | Entered Level 5 of the Dungeon
  4339 | D:5      | Reached XP level 7. HP: 45/51 MP: 10/16
  5243 | D:5      | Found an ornate altar of the Wu Jian Council.
  5383 | D:5      | Found a shimmering blue altar of Sif Muna.
  5384 | D:5      | Found a white marble altar of Elyvilon.
  5386 | D:5      | Found a burning altar of Makhleb.
  5386 | D:5      | Found an iron altar of Okawaru.
  5465 | D:6      | Reached * piety under Ashenzari
  5481 | D:6      | Found an opulent altar of Gozag.
  5491 | D:6      | Reached skill level 5 in Stealth
  5535 | D:6      | Reached XP level 8. HP: 30/60 MP: 3/18
  6501 | D:6      | Found a shadowy altar of Dithmenos.
  7055 | D:7      | Found a hazy altar of Hepliaklqana.
  7314 | D:7      | Reached ** piety under Ashenzari
  7317 | D:7      | Reached XP level 9. HP: 67/69 MP: 21/21
  7392 | D:7      | Found a radiant altar of Vehumet.
  8027 | D:8      | Found a snail-covered altar of Cheibriados.
  8039 | D:8      | Learned a level 4 spell: Petrify
  8627 | D:8      | Learned a level 4 spell: Sticky Flame
  9108 | D:9      | Reached skill level 5 in Invocations
  9349 | D:9      | Noticed a two-headed ogre
  9783 | D:7      | Found a staircase to the Ecumenical Temple.
 10204 | D:7      | Reached XP level 10. HP: 69/70 MP: 23/23
 10984 | D:9      | Reached skill level 5 in Fighting
 10984 | D:9      | Reached skill level 5 in Short Blades
 10984 | D:9      | Reached skill level 5 in Long Blades
 10984 | D:9      | Reached skill level 5 in Axes
 10984 | D:9      | Reached skill level 5 in Maces & Flails
 10984 | D:9      | Reached skill level 5 in Polearms
 10984 | D:9      | Reached skill level 5 in Staves
 10984 | D:9      | Reached skill level 5 in Slings
 10984 | D:9      | Reached skill level 5 in Bows
 10984 | D:9      | Reached skill level 5 in Crossbows
 10984 | D:9      | Reached skill level 5 in Throwing
 10984 | D:9      | Reached skill level 5 in Armour
 10984 | D:9      | Reached skill level 5 in Shields
 10984 | D:9      | Reached skill level 5 in Unarmed Combat
 10984 | D:9      | Reached skill level 5 in Evocations
 11129 | D:9      | Killed a two-headed ogre
 11531 | D:9      | Reached skill level 5 in Transmutations
 11760 | D:9      | Noticed a two-headed ogre
 11824 | D:9      | Killed a two-headed ogre
 12198 | D:10     | Entered Level 10 of the Dungeon
 12386 | D:10     | Found a basalt altar of Yredelemnul.
 12409 | D:10     | Reached XP level 11. HP: 62/86 MP: 25/25
 12613 | D:10     | Reached skill level 5 in Conjurations
 12613 | D:10     | Reached skill level 5 in Hexes
 12613 | D:10     | Reached skill level 5 in Summonings
 12613 | D:10     | Reached skill level 5 in Necromancy
 12613 | D:10     | Reached skill level 5 in Translocations
 12613 | D:10     | Reached skill level 5 in Fire Magic
 12613 | D:10     | Reached skill level 5 in Ice Magic
 12613 | D:10     | Reached skill level 5 in Air Magic
 12613 | D:10     | Reached skill level 5 in Poison Magic
 13452 | D:10     | Noticed a two-headed ogre
 13471 | D:10     | Killed a two-headed ogre
 13874 | D:10     | Noticed a two-headed ogre
 14026 | D:11     | Noticed a boulder beetle
 14056 | D:11     | Killed a boulder beetle
 14174 | D:11     | Identified the +4 quarterstaff "Asiesm" {flame, Int+4
                  | Stlth+}
 14218 | D:11     | Found a staircase to the Lair.
 14691 | D:12     | Noticed a cyclops
 14710 | D:12     | Killed a cyclops
 15142 | D:12     | Noticed a cyan ugly thing
 15389 | D:13     | Noticed a cyclops
 15664 | D:11     | Reached XP level 12. HP: 33/95 MP: 1/26
 16098 | D:11     | Reached *** piety under Ashenzari
 16440 | D:10     | Killed a two-headed ogre
 16783 | Lair:1   | Entered Level 1 of the Lair of Beasts
 17774 | Lair:1   | Noticed a six-headed hydra
 18028 | Lair:2   | Reached **** piety under Ashenzari
 19974 | Lair:3   | Noticed a four-headed hydra
 20920 | Lair:4   | Noticed a death yak
 20920 | Lair:4   | Noticed a death yak
 21007 | D:12     | Noticed a boulder beetle
 21059 | D:12     | Killed a boulder beetle
 21060 | D:12     | Reached XP level 13. HP: 56/108 MP: 13/30
 21599 | D:12     | Found a staircase to the Orcish Mines.
 22663 | D:14     | Noticed a fire dragon
 24209 | Lair:4   | Found a staircase to the Snake Pit.
 24564 | Lair:4   | Found a staircase to the Shoals.
 24908 | Lair:5   | Found a staircase to the Slime Pits.
 24964 | Lair:5   | Found a gate leading to a gauntlet.
 25042 | Gauntlet | Entered a Gauntlet
 25042 | Gauntlet | Found a transporter.
 25042 | Gauntlet | Found a transporter.
 25042 | Gauntlet | Found a transporter.
 25172 | Gauntlet | Found a transporter.
 25176 | Gauntlet | Found a transporter.
 25176 | Gauntlet | Found a transporter.
 25185 | Gauntlet | Found a transporter.
 25186 | Gauntlet | Found a transporter.
 25187 | Gauntlet | Found a transporter.
 25189 | Gauntlet | Found a transporter.
 25190 | Gauntlet | Identified the ring of Beddiur {MP+9 Str+6 Int+3}
 25194 | Gauntlet | Noticed a quicksilver ooze
 25196 | Gauntlet | Found a transporter.
 25196 | Gauntlet | Found a transporter.
 25206 | Gauntlet | Identified the ring of Voadwol {*Corrode rF+ rC+++ Dex+3
                  | Slay+2}
 25300 | Gauntlet | Identified the amulet "Opifisch" {Reflect Drain Str+8 SH+5}
 25412 | Gauntlet | Killed a quicksilver ooze
 25413 | Gauntlet | Reached skill level 10 in Spellcasting
 25447 | Gauntlet | Identified the +9 arbalest "Tog Ali" {speed, rN+}
 25447 | Gauntlet | Noticed a minotaur
 25456 | Gauntlet | Identified the +2 whip of Mastery {vorpal, rN+ Dex+5}
 25456 | Gauntlet | Identified the +1 hunting sling of Riupt {venom, MP+9
                  | Str+3}
 25477 | Gauntlet | Killed a minotaur
 26360 | Lair:5   | Reached XP level 14. HP: 115/115 MP: 31/31
 26466 | Lair:4   | Reached skill level 10 in Dodging
 26472 | Lair:4   | Noticed Snorg
 26487 | Lair:4   | Killed Snorg
 26880 | Lair:4   | Reached skill level 10 in Stealth
 28026 | Lair:4   | Reached skill level 10 in Invocations
 28794 | Lair:6   | Entered Level 6 of the Lair of Beasts
 29711 | Orc:1    | Entered Level 1 of the Orcish Mines
 29855 | Orc:2    | Entered Level 2 of the Orcish Mines
 30051 | Orc:2    | Found Yprueda's General Store.
 30056 | Orc:2    | Found Fyit's Specific Store.
 30074 | Orc:2    | Bought a scroll of teleportation for 33 gold pieces
 30122 | Orc:2    | Bought a wand of iceblast (7) for 187 gold pieces
 30122 | Orc:2    | Bought a potion of resistance for 170 gold pieces
 30181 | Orc:2    | Learned a level 3 spell: Vampiric Draining
 30275 | Orc:2    | Found a staircase to the Elven Halls.
 30381 | Orc:2    | Noticed an orc warlord
 30515 | Orc:2    | Paralysed by an orc sorcerer for 7 turns
 30656 | Orc:2    | Found Sibrops's Antique Weapon Shoppe.
 30680 | Orc:2    | Noticed Blork the orc
 30707 | Orc:2    | Killed Blork the orc
 30995 | Orc:2    | Killed an orc warlord
 31392 | Orc:2    | Found Naren's Antique Armour Shoppe.
 31399 | Orc:2    | Bought a runed helmet for 165 gold pieces
 31399 | Orc:2    | Bought a shimmering chain mail for 209 gold pieces
 31399 | Orc:2    | Identified the +6 chain mail "Nyph" {rElec rC- rCorr Dex+4}
                  | (You bought it in a shop on level 2 of the Orcish Mines)
 31407 | Orc:2    | Found Tuifruor's General Store.
 31424 | Orc:2    | Found Qimocs's Jewellery Shoppe.
 32553 | Lair:6   | Reached XP level 15. HP: 123/123 MP: 26/33
 33206 | Lair:6   | Reached skill level 10 in Earth Magic
 33498 | Lair:6   | Learned a level 5 spell: Yara's Violent Unravelling
 34025 | Lair:6   | Reached skill level 10 in Fighting
 34025 | Lair:6   | Reached skill level 10 in Short Blades
 34025 | Lair:6   | Reached skill level 10 in Long Blades
 34025 | Lair:6   | Reached skill level 10 in Axes
 34025 | Lair:6   | Reached skill level 10 in Maces & Flails
 34025 | Lair:6   | Reached skill level 10 in Polearms
 34025 | Lair:6   | Reached skill level 10 in Staves
 34025 | Lair:6   | Reached skill level 10 in Slings
 34025 | Lair:6   | Reached skill level 10 in Bows
 34025 | Lair:6   | Reached skill level 10 in Crossbows
 34025 | Lair:6   | Reached skill level 10 in Throwing
 34025 | Lair:6   | Reached skill level 10 in Armour
 34025 | Lair:6   | Reached skill level 10 in Shields
 34025 | Lair:6   | Reached skill level 10 in Unarmed Combat
 34025 | Lair:6   | Reached skill level 10 in Evocations
 34198 | Lair:6   | Identified the +1 chain mail of Moqelaq {rC+ Int+3 Slay+2}
 34200 | Lair:6   | Found a corrupted altar of Lugonu.
 34200 | Lair:6   | Found a one-way gate to the infinite horrors of the Abyss.
 34200 | Lair:6   | Identified Kuoseda's Guide on Bewitching Darkness
 34985 | D:13     | Found the ring of the Octopus King {Fly AC+1 EV+1 Str+1
                  | Int+1 Dex+1}
 34985 | D:13     | Found the ring of the Octopus King {Fly AC+1 EV+1 Str+1
                  | Int+1 Dex+1}
 34986 | D:13     | Found the amulet of the Four Winds {rN+ Will+++ Clar}
 34987 | D:13     | Noticed bobkasz2's ghost (journeyman HOFi)
 34996 | D:13     | Found a runed translucent gate.
 34996 | D:13     | Found a runed translucent gate.
 34998 | D:13     | Found a runed translucent gate.
 35051 | D:13     | Slain by a manticore

Illustrated notes

Levels and vault maps discovered:
D:1:      amcnicky_arrival_abandoned_market, layout_basic,
          hellmonk_ecumenical_altar_run_dry, amethyst_killhole
D:2:      layout_basic, serial_shops, nicolae_shop_behind_doors, basic_altar,
          kennysheep_donut
D:3:      layout_loops_cross, mainiacjoe_overflow_catch_the_wave,
          minmay_misc_feat_five, minmay_misc_feat_more_columns,
          kennysheep_minor_cross
D:4:      layout_loops_cross, hangedman_decor_peaks_small
D:5:      layout_basic, lemuel_round_altar, mainiacjoe_overflow_alcove_3
D:6:      layout_cave_pools, lemuel_doored_altar, grunt_gozag_breadcrumbs
D:7:      layout_cave_pods, nicolae_hepliaklqana_hazy_memory,
          nicolae_vehumet_altar_sigil, minmay_temple_entry_sparse_star
D:8:      layout_loops_ring, slow_altar_1
D:9:      layout_stronghold, kennysheep_generic_room_7
D:10:     kennysheep_windowed_halls, layout_loops_ring,
          nicolae_yredelemnul_corpse_copse, serial_bayou, serial_bayou_lagoon_a,
          serial_bayou_pond_a, serial_bayou_ford_a, serial_bayou_lagoon_b
D:11:     layout_basic, lair_entry_dummy, chequers_mini_garden
D:12:     layout_loops_corners, kennysheep_orc_monster_closet_entryway
D:13:     layout_big_octagon, gammafunk_ghost_split
D:14:     layout_basic, david_vaults_4, nicolae_water_bricks, serial_shops,
          shop, moated_statue, nicolae_transmutations_shop
Lair:1:   layout_cave_pods, grunt_forest_stairs_basic, st_stairs_3,
          lemuel_fruit_fields, grunt_megastairs_4, lemuel_fruit_tree
Lair:2:   layout_roguey, chequers_serial_rivers_micro_d, minivault_25
Lair:3:   layout_cave_pods, grunt_forest_small_clearings
Lair:4:   cheibrodos_lair_river_kwai, layout_cave_pods,
          minmay_shoals_entry_centaurs, serial_bayou_shore_b, uniq_snorg
Lair:5:   layout_gridlike, slime_dummy, gauntlet_entry_generic,
          chequers_serial_rivers_micro_e, chequers_serial_rivers_micro_a,
          infiniplex_staircase_pool, grunt_megastairs_2
Lair:6:   hellmonk_lair_end_abyssal_woods, layout_misc_corridors
Orc:1:    layout_caves, rock_pile
Orc:2:    grunt_orc_cross, layout_caves, nicolae_specific_store

Skill      XL: |  1  2  3  4  5  6  7  8  9 10 11 12 13 14 15 |
---------------+----------------------------------------------+-----
Transmutations | 2 3 4 5 6 7 8 |  8.8
Spellcasting   | 5 6 7 8 9 10 11 | 11.2
Invocations    | 1 2 3 4 5 6 7 8 9 10 | 10.9
Fighting       | 1 2 3 4 5 6 7 8 9 10 | 10.1
Short Blades   | 1 2 3 4 5 6 7 8 9 10 | 10.1
Long Blades    | 1 2 3 4 5 6 7 8 9 10 | 10.1
Axes           | 1 2 3 4 5 6 7 8 9 10 | 10.1
Maces & Flails | 1 2 3 4 5 6 7 8 9 10 | 10.1
Polearms       | 1 2 3 4 5 6 7 8 9 10 | 10.1
Staves         | 1 2 3 4 5 6 7 8 9 10 | 10.1
Slings         | 1 2 3 4 5 6 7 8 9 10 | 10.1
Bows           | 1 2 3 4 5 6 7 8 9 10 | 10.1
Crossbows      | 1 2 3 4 5 6 7 8 9 10 | 10.1
Throwing       | 1 2 3 4 5 6 7 8 9 10 | 10.1
Armour         | 1 2 3 4 5 6 7 8 9 10 | 10.1
Shields        | 1 2 3 4 5 6 7 8 9 10 | 10.1
Unarmed Combat | 1 2 3 4 5 6 7 8 9 10 | 10.1
Evocations     | 1 2 3 4 5 6 7 8 9 10 | 10.1
Conjurations   | 1 2 3 4 5 6 7 8 |  8.5
Hexes          | 1 2 3 4 5 6 7 8 |  8.5
Summonings     | 1 2 3 4 5 6 7 8 |  8.5
Necromancy     | 1 2 3 4 5 6 7 8 |  8.5
Translocations | 1 2 3 4 5 6 7 8 |  8.5
Fire Magic     | 1 2 3 4 5 6 7 8 |  8.5
Ice Magic      | 1 2 3 4 5 6 7 8 |  8.5
Air Magic      | 1 2 3 4 5 6 7 8 |  8.5
Poison Magic   | 1 2 3 4 5 6 7 8 |  8.5
Dodging        | 5 6 7 8 9 10 11 | 11.0
Stealth        | 5 6 7 8 9 10 | 10.9
Earth Magic    | 6 7 8 9 10 | 10.1

Action                   |  1- 3 |  4- 6 |  7- 9 | 10-12 | 13-15 || total
-------------------------+-------+-------+-------+-------+-------++-------
Melee: Dagger            |   109 |   132 |    59 |       |       ||   300
       Bite              |     6 |    11 |    25 |    69 |   149 ||   260
       Punch             |       |       |     7 |    17 |       ||    24
       Broad axe         |       |       |   149 |   589 |  1118 ||  1856
       Unarmed           |       |       |       |       |     6 ||     6
Throw: Dart              |       |       |       |     6 |       ||     6
       Throwing net      |       |       |       |       |     3 ||     3
       Stone             |       |       |       |       |     8 ||     8
 Cast: Sandblast         |    34 |    16 |    26 |    12 |     3 ||    91
       Stone Arrow       |     1 |    13 |    62 |    24 |     4 ||   104
       Petrify           |       |       |    13 |    97 |    98 ||   208
       Sticky Flame      |       |       |     1 |    68 |   113 ||   182
       Passwall          |       |       |       |     4 |     2 ||     6
       Vampiric Draining |       |       |       |       |     7 ||     7
Invok: Curse Item        |       |     1 |     2 |     4 |       ||     7
       Shatter the Chain |       |       |       |       |     1 ||     1
Evoke: Wand              |       |       |    14 |    42 |    18 ||    74
       Lightning rod     |       |       |       |     2 |    13 ||    15
  Use: Scroll            |     2 |     1 |     1 |     4 |     7 ||    15
       Potion            |       |     3 |     1 |     6 |    12 ||    22
 Stab: Sleeping          |     3 |     8 |     4 |     5 |    17 ||    37
       Paralysed         |       |       |    11 |     1 |       ||    12
       Petrified         |       |       |    49 |   153 |   120 ||   322
       Petrifying        |       |       |     2 |    21 |    32 ||    55
       Distracted        |       |       |     1 |       |     3 ||     4
       Invisible         |       |       |       |       |     5 ||     5
       Held in net/web   |       |       |       |       |     3 ||     3
Armor: Robe              |    10 |       |       |       |       ||    10
       Leather armour    |    17 |    34 |    71 |   243 |   262 ||   627
       Ring mail         |    11 |       |       |       |       ||    11
Dodge: Dodged            |    75 |    87 |   214 |   503 |   617 ||  1496
Block: Kite shield       |       |       |       |    24 |   744 ||   768
